 Dungeon Crawl Stone Soup version 0.22.1-1-ga44c0e5 (webtiles) character file.

265 Anon1729 the Twirler (level 6, 0/52 HPs)
             Began as a Ghoul Gladiator on Oct 30, 2018.
             Slain by an orc
             ... wielding a +0 hand axe of electrocution
              (1 damage)
             ... on level 3 of the Dungeon.
             The game lasted 00:03:29 (2494 turns).

Anon1729 the Twirler (Ghoul Gladiator)              Turns: 2494, Time: 00:03:31

Health: 0/52       AC:  4    Str: 18    XL:     6   Next: 20%
Magic:  5/5        EV: 13    Int:  5    God:
Gold:   85         SH:  0    Dex: 10    Spells: 5/5 levels left

rFire    + . .     SeeInvis .   a - +0 quarterstaff
rCold    . . .     Gourm    .   (shield currently unavailable)
rNeg     + + +     Faith    .   b - +0 leather armour
rPois    ∞         Spirit   .   c - +0 helmet
rElec    .         Reflect  .   (no cloak)
rCorr    .         Harm     .   (no gloves)
MR       .....                  (no boots)
Stlth    +.........             (no amulet)
HPRegen  0.00/turn              w - ring of fire
MPRegen  0.09/turn              (no ring)

@: rotting, slowed, very slow
A: rotting body, claws 1, carnivore, cold resistance 1, negative energy
resistance 3, inhibited regeneration, torment resistance, unbreathing
a: no special abilities


You were on level 3 of the Dungeon.
You were not hungry.

You visited 1 branch of the dungeon, and saw 3 of its levels.

You collected 85 gold pieces.

Inventory:

Hand Weapons
 a - a +0 quarterstaff (weapon)
 e - a +2 dagger of draining
Missiles
 d - 3 throwing nets (quivered)
Armour
 b - a +0 leather armour (worn)
 c - a +0 helmet (worn)
Jewellery
 w - a ring of fire (left claw)
Wands
 u - a wand of random effects (19)
Scrolls
 g - 2 scrolls of enchant armour {unknown}
 h - 5 scrolls of remove curse {unknown}
 k - 2 scrolls of fog {unknown}
 m - 2 scrolls of identify {unknown}
 n - a scroll of blinking {unknown}
 o - 2 scrolls of teleportation {unknown}
 p - a scroll of immolation {unknown}
 t - 2 scrolls of magic mapping {unknown}
Potions
 j - 2 potions of lignification
 l - a potion of mutation {unknown}
 q - 2 potions of invisibility {unknown}
 r - 2 potions of heal wounds {unknown}
 s - a potion of curing {unknown}
 v - a potion of flight {unknown}
Comestibles
 f - 3 rations
 i - 4 chunks of flesh


   Skills:
 + Level 3.8 Fighting
 + Level 3.8 Staves
 - Level 1.7 Throwing
 + Level 2.4 Armour
 + Level 3.8 Dodging


You had 5 spell levels left.
You didn't know any spells.
Your spell library was empty.

Dungeon Overview and Level Annotations

Branches:
Dungeon (3/15)

Altars:
Xom

Annotations:
D:3 3 runed doors, MagicFarmer's ghost, weakling DECj; Tommers's ghost, amateur OpVM


Innate Abilities, Weirdness & Mutations

Your body is rotting away.
You thrive on raw meat.
You are immune to poison.
You have sharp fingernails.
You are carnivorous and can eat meat at any time.
Your flesh is cold resistant. (rC+)
You are immune to negative energy. (rN+++)
You do not regenerate when monsters are visible.
You are immune to unholy pain and torment.
You can survive without breathing.


Message History

Beogh smites you!
* * * LOW HITPOINT WARNING * * *
Unknown command.
It was a potion of lignification.
You feel woody for a moment.
The orc wizard hits you but does no damage.
The orc wizard barely misses you.
Evoke which item? (* to show all) (? for menu, Esc to quit)
Aiming: Random Effects
Press: ? - help, Shift-Dir - straight line, f/p - orc wizard
Aim: an orc wizard, wielding a dagger and wearing a robe (severely wounded)
The bolt of poison hits the orc wizard.
The orc wizard is poisoned.
You kill the orc wizard!
You have reached level 6!
Your experience leads to an increase in your attributes!
Increase (S)trength, (I)ntelligence, or (D)exterity?
You feel clever.
The bolt of poison hits the orc priest.
The orc priest is poisoned.
You kill the orc priest!
The orc hits you with a hand axe of electrocution.
You die...

#..... .# # #..#.#
#.# ## ##.... #_≈♣##
.. #####..[.
##≈≈._.## #.
#.......# #._.#.__#..
#. #o####......♣#...
#. #.).)..♣._..≈..
#.##.
#.##o#.≈.##♣≈#.##.##.
#.##@#.#.#..≈#...(...
#.##.##_.≈♣≈###......
..##..##≈^≈##........
####...##.##..#######
####.#.##..# #
#.......# # ######..#
# #..# # #..# #


You could see an orc.

Vanquished Creatures
  An orc priest (D:3)
  Natasha (thrice) (D:3)
  2 orc wizards (D:3)
  3 adders
  An ooze (D:1)
  A worm (D:2)
  A dart slug (D:1)
  A leopard gecko (D:1)
  10 orcs
  2 ball pythons
  8 bats
  2 giant cockroaches
  6 goblins
  9 hobgoblins
  8 frilled lizards
  5 kobolds
  5 rats
68 creatures vanquished.

Notes
Turn   | Place    | Note
-------+----------+-------------------------------------------
     0 | D:1      | Anon1729 the Ghoul Gladiator began the quest for the Orb.
     0 | D:1      | Reached XP level 1. HP: 17/17 MP: 0/0
   305 | D:1      | Reached XP level 2. HP: 25/25 MP: 1/1
   534 | D:1      | Reached XP level 3. HP: 26/30 MP: 2/2
   730 | D:2      | Reached skill level 1 in Armour
  1230 | D:2      | Reached XP level 4. HP: 36/37 MP: 3/3
  1487 | D:3      | Noticed Natasha
  1538 | D:3      | Killed Natasha
  1547 | D:3      | Noticed Natasha
  1556 | D:3      | Killed Natasha
  1556 | D:3      | Reached XP level 5. HP: 16/45 MP: 4/4
  1978 | D:3      | Noticed Natasha
  1984 | D:3      | Killed Natasha
  2156 | D:3      | Found a runed gate.
  2156 | D:3      | Found a runed gate.
  2157 | D:3      | Found a runed gate.
  2159 | D:3      | Noticed MagicFarmer's ghost (weakling DECj)
  2159 | D:3      | Noticed Tommers's ghost (amateur OpVM)
  2462 | D:3      | Found a shimmering altar of Xom.
  2462 | D:3      | Found a shimmering altar of Xom.
  2464 | D:3      | Found a shimmering altar of Xom.
  2464 | D:3      | Found a shimmering altar of Xom.
  2464 | D:3      | Found a shimmering altar of Xom.
  2465 | D:3      | Found a shimmering altar of Xom.
  2466 | D:3      | Found a shimmering altar of Xom.
  2492 | D:3      | HP: 1/46 [orc priest/divine providence (14)]
  2494 | D:3      | Reached XP level 6. HP: 1/52 MP: 5/5
  2494 | D:3      | Slain by an orc

Skill      XL: |  1  2  3  4  5 |
---------------+----------------+-----
Staves         | 3 |  3.8
Dodging        | 3 |  3.8
Armour         | 1 2 |  2.4
Fighting       | 3 |  3.8
Throwing       | |  1.7

Action                   |  1- 3 |  4- 6 || total
-------------------------+-------+-------++-------
Melee: Quarterstaff      |    87 |   125 ||   212
Evoke: Wand              |       |     2 ||     2
  Use: Potion            |       |     1 ||     1
  Eat: Chunk             |     1 |    11 ||    12
Armor: Leather armour    |    27 |    38 ||    65
Dodge: Dodged            |    64 |   106 ||   170
